| TOP OF THE 1ST |
|
Scranton WB RailRiders batting - Pitching for Fresno Grizzlies : RHP Andy Harrigan
|
|
Pitching: RHP Andy Harrigan
|
|
|
Batting: RHB Devon Utley
|
0-0: Ball 1-0: Ball 2-0: Swinging Strike 2-1: Ball 3-1: Called Strike 3-2: Reached on error, E5 (Groundball, 5, EV 88.8 MPH)
|
|
Batting: RHB Andy Wasierski
|
0-0: Ball 1-0: Ball 2-0: Ball 3-0: Base on Balls Devon Utley to second
|
|
Batting: SHB Mukhtar Wa'il
|
0-0: Ball 1-0: Swinging Strike 1-1: Swinging Strike 1-2: Ball 2-2: Foul Ball, location: 2F 2-2: Strikes out swinging
|
|
Batting: SHB Ryan Buchbinder
|
0-0: Called Strike 0-1: SINGLE (Groundball, 6S, EV 71.2 MPH) (infield hit) Devon Utley to third Andy Wasierski to second
|
|
Batting: LHB Dan Morris
|
0-0: Foul Ball, location: 2F 0-1: Ball 1-1: DOUBLE (Line Drive, 78D, EV 101.2 MPH) Devon Utley scores Andy Wasierski scores Ryan Buchbinder to third Runner from 3rd tries for Home, SAFE, no throw by LF
|
|
Batting: LHB Jose Lebron
|
0-0: DOUBLE (Line Drive, 9LM, EV 100.6 MPH) Dan Morris scores
|
|
Batting: SHB Jose Vargas
|
0-0: Called Strike 0-1: Ground out 1-3 (Groundball, 34S, EV 70.6 MPH) Jose Lebron to third
|
|
Batting: SHB Joe Fure
|
0-0: Ball 1-0: Foul Ball, location: 2F 1-1: Ball 2-1: Ball 3-1: Foul Ball, location: 2F 3-2: Base on Balls
|
|
Batting: RHB Josh Zoglmann
|
0-0: Ball 1-0: Ball 2-0: Ball 3-0: Called Strike 3-1: Foul Ball, location: 2F 3-2: Foul Ball, location: 2F 3-2: Strikes out swinging
|
| Top of the 1st over - 4 runs, 3 hits, 1 error, 2 left on base; Scranton WB 4 - Fresno 0 |
| BOTTOM OF THE 1ST |
|
Fresno Grizzlies batting - Pitching for Scranton WB RailRiders : RHP Jason Sterner
|
|
Pitching: RHP Jason Sterner
|
|
|
Batting: RHB Dale Young
|
0-0: Ball 1-0: Swinging Strike 1-1: Ground out 6-3 (Groundball, 56, EV 104.4 MPH)
|
|
Batting: LHB Mark Dearth
|
0-0: Foul Ball, location: 2F 0-1: Called Strike 0-2: Ground out 4-3 (Groundball, 4, EV 87.5 MPH)
|
|
Batting: LHB Angelo Vasquez
|
0-0: Ball 1-0: Ground out 6-3 (Groundball, 6M, EV 88.1 MPH)
|
| Bottom of the 1st over - 0 runs, 0 hits, 0 errors, 0 left on base; Scranton WB 4 - Fresno 0 |
| TOP OF THE 2ND |
|
Scranton WB RailRiders batting - Pitching for Fresno Grizzlies : RHP Andy Harrigan
|
|
Batting: RHB Devon Utley
|
0-0: Called Strike 0-1: Called Strike 0-2: Foul Ball, location: 2F 0-2: Ball 1-2: Ball 2-2: Ball 3-2: Foul Ball, location: 2F 3-2: Foul Ball, location: 2F 3-2: Foul Ball, location: 2F 3-2: DOUBLE (Line Drive, 89D, EV 103.1 MPH)
|
|
Batting: RHB Andy Wasierski
|
0-0: Ball 1-0: Ball 2-0: Fly out, F8 (Flyball, 8RD, EV 95.0 MPH)
|
|
Batting: SHB Mukhtar Wa'il
|
0-0: Swinging Strike 0-1: Called Strike 0-2: SINGLE (Line Drive, 89M, EV 101.2 MPH) Devon Utley to third
|
|
Batting: SHB Ryan Buchbinder
|
0-0: Called Strike 0-1: Called Strike 0-2: Ball 1-2: Strikes out swinging
|
|
Batting: LHB Dan Morris
|
0-0: Ball 1-0: Called Strike 1-1: Called Strike 1-2: Foul Ball, location: 2F 1-2: Foul Ball, location: 2F 1-2: SINGLE (Flyball, 5D, EV 95.0 MPH) Devon Utley scores Mukhtar Wa'il to second
|
|
Pitching: RHP Jorge Aguilar
|
|
|
Batting: LHB Jose Lebron
|
0-0: Ball 1-0: Ball 2-0: Called Strike 2-1: Ball 3-1: Foul Ball, location: 2F 3-2: Strikes out swinging
|
| Top of the 2nd over - 1 run, 3 hits, 0 errors, 2 left on base; Scranton WB 5 - Fresno 0 |
| BOTTOM OF THE 2ND |
|
Fresno Grizzlies batting - Pitching for Scranton WB RailRiders : RHP Jason Sterner
|
|
Batting: RHB Elijah Hunter
|
0-0: SINGLE (Line Drive, 78S, EV 99.4 MPH)
|
|
Batting: LHB Bob Dietz
|
0-0: Ball 1-0: Foul Ball, location: 2F 1-1: Ball 2-1: SINGLE (Line Drive, 4MD, EV 95.0 MPH) Elijah Hunter to second
|
|
Batting: RHB Sam Spohn
|
0-0: Ball 1-0: Ball 2-0: Foul Ball, location: 2F 2-1: Foul Ball, location: 2F 2-2: Foul Ball, location: 2F 2-2: Strikes out swinging
|
|
Batting: LHB Jimmy Edlin
|
0-0: Ball 1-0: Swinging Strike 1-1: Foul Ball, location: 2F 1-2: Ball 2-2: Strikes out swinging
|
|
Batting: RHB Nick Deegan
|
0-0: Swinging Strike 0-1: Ball 1-1: Ball 2-1: Foul Ball, location: 2F 2-2: Ball 3-2: Base on Balls Elijah Hunter to third Bob Dietz to second
|
|
Batting: RHB Workneh Lagat
|
0-0: Fly out, F3 (Line Drive, 3, EV 72.5 MPH)
|
| Bottom of the 2nd over - 0 runs, 2 hits, 0 errors, 3 left on base; Scranton WB 5 - Fresno 0 |
| TOP OF THE 3RD |
|
Scranton WB RailRiders batting - Pitching for Fresno Grizzlies : RHP Jorge Aguilar
|
|
Batting: SHB Jose Vargas
|
0-0: Ground out U3 (Groundball, 34, EV 88.1 MPH)
|
|
Batting: SHB Joe Fure
|
0-0: Swinging Strike 0-1: Ball 1-1: Called Strike 1-2: Ball 2-2: Ground out U3 (Groundball, 34S, EV 78.1 MPH)
|
|
Batting: RHB Josh Zoglmann
|
0-0: Ball 1-0: Ball 2-0: Ball 3-0: Base on Balls
|
|
Batting: RHB Devon Utley
|
0-0: Called Strike Josh Zoglmann steals 2nd base (no throw) 0-1: Ball 1-1: Ball Wild Pitch! Josh Zoglmann to third 2-1: Foul Ball, location: 2F 2-2: Ground out 5-3 (Groundball, 56, EV 86.9 MPH)
|
| Top of the 3rd over - 0 runs, 0 hits, 0 errors, 1 left on base; Scranton WB 5 - Fresno 0 |
| BOTTOM OF THE 3RD |
|
Fresno Grizzlies batting - Pitching for Scranton WB RailRiders : RHP Jason Sterner
|
|
Batting: RHB Dale Young
|
0-0: Swinging Strike 0-1: Fly out, F8 (Flyball, 8RD, EV 108.1 MPH)
|
|
Batting: LHB Mark Dearth
|
0-0: SINGLE (Groundball, 4, EV 95.0 MPH)
|
|
Batting: LHB Angelo Vasquez
|
0-0: Ball 1-0: Fly out, F4 (Flyball, 4D, EV 86.9 MPH)
|
|
Batting: RHB Elijah Hunter
|
0-0: Called Strike 0-1: Foul Ball, location: 2F 0-2: Fielders Choice at 2nd, 5-4 (Groundball, 56, EV 86.9 MPH)
|
| Bottom of the 3rd over - 0 runs, 1 hit, 0 errors, 1 left on base; Scranton WB 5 - Fresno 0 |
| TOP OF THE 4TH |
|
Scranton WB RailRiders batting - Pitching for Fresno Grizzlies : RHP Jorge Aguilar
|
|
Batting: RHB Andy Wasierski
|
0-0: Ball 1-0: Called Strike 1-1: Swinging Strike 1-2: Strikes out swinging
|
|
Batting: SHB Mukhtar Wa'il
|
0-0: Called Strike 0-1: Ball 1-1: Ball 2-1: Ground out 1-3 (Groundball, 13S, EV 68.1 MPH)
|
|
Batting: SHB Ryan Buchbinder
|
0-0: Foul Ball, location: 2F 0-1: Foul Ball, location: 2F 0-2: Ball 1-2: Foul Ball, location: 2F 1-2: Ball 2-2: Ball 3-2: Strikes out looking
|
| Top of the 4th over - 0 runs, 0 hits, 0 errors, 0 left on base; Scranton WB 5 - Fresno 0 |
| BOTTOM OF THE 4TH |
|
Fresno Grizzlies batting - Pitching for Scranton WB RailRiders : RHP Jason Sterner
|
|
Batting: LHB Bob Dietz
|
0-0: Called Strike 0-1: Ball 1-1: Ball 2-1: Ball 3-1: Foul Ball, location: 2F 3-2: Base on Balls
|
|
Batting: RHB Sam Spohn
|
0-0: Called Strike 0-1: Ball 1-1: Ball 2-1: Ball 3-1: Base on Balls Bob Dietz to second
|
|
Batting: LHB Jimmy Edlin
|
0-0: Ball 1-0: Ball 2-0: SINGLE (Line Drive, 7S, EV 92.5 MPH) Bob Dietz to third Sam Spohn to second Runner from 3rd tries for Home, throw by LF and OUT! 7-2
|
|
Batting: RHB Nick Deegan
|
0-0: Swinging Strike 0-1: Foul Ball, location: 2F 0-2: Foul Ball, location: 2F 0-2: Ball 1-2: Strikes out swinging
|
|
Batting: RHB Workneh Lagat
|
0-0: Ball 1-0: Ball 2-0: Swinging Strike 2-1: Ball 3-1: Called Strike 3-2: SINGLE (Line Drive, 89S, EV 111.9 MPH) Sam Spohn to third Jimmy Edlin to second Sam Spohn scores Jimmy Edlin to third
|
|
Batting: RHB Dale Young
|
0-0: Fielders Choice at 2nd, 6-4 (Groundball, 6, EV 91.9 MPH)
|
| Bottom of the 4th over - 1 run, 2 hits, 0 errors, 2 left on base; Scranton WB 5 - Fresno 1 |
| TOP OF THE 5TH |
|
Scranton WB RailRiders batting - Pitching for Fresno Grizzlies : RHP Jorge Aguilar
|
|
Batting: LHB Dan Morris
|
0-0: Ball 1-0: Swinging Strike 1-1: Ball 2-1: Ball 3-1: Fly out, F8 (Flyball, 8LS, EV 73.8 MPH)
|
|
Batting: LHB Jose Lebron
|
0-0: Called Strike 0-1: Foul Ball, location: 2F 0-2: Strikes out swinging
|
|
Batting: SHB Jose Vargas
|
0-0: Called Strike 0-1: Foul Ball, location: 2F 0-2: Ball 1-2: Ball 2-2: Ball 3-2: Strikes out swinging
|
| Top of the 5th over - 0 runs, 0 hits, 0 errors, 0 left on base; Scranton WB 5 - Fresno 1 |
| BOTTOM OF THE 5TH |
|
Fresno Grizzlies batting - Pitching for Scranton WB RailRiders : RHP Jason Sterner
|
|
Batting: LHB Mark Dearth
|
0-0: Fly out, F9 (Line Drive, 89M, EV 83.8 MPH)
|
|
Batting: LHB Angelo Vasquez
|
0-0: Called Strike 0-1: Ball 1-1: Ground out 5-3 (Groundball, 5, EV 84.4 MPH)
|
|
Batting: RHB Elijah Hunter
|
0-0: Foul Ball, location: 2F 0-1: Ball 1-1: Ball 2-1: DOUBLE (Line Drive, 7LM, EV 110.0 MPH)
|
|
Batting: LHB Bob Dietz
|
0-0: Fly out, F8 (Flyball, 8RM, EV 87.5 MPH)
|
| Bottom of the 5th over - 0 runs, 1 hit, 0 errors, 1 left on base; Scranton WB 5 - Fresno 1 |
| TOP OF THE 6TH |
|
Scranton WB RailRiders batting - Pitching for Fresno Grizzlies : RHP Jorge Aguilar
|
|
Batting: SHB Joe Fure
|
0-0: Fly out, F8 (Line Drive, 8RM, EV 88.1 MPH)
|
|
Batting: RHB Josh Zoglmann
|
0-0: SINGLE (Groundball, 56S, EV 67.5 MPH) (infield hit)
|
|
Batting: RHB Devon Utley
|
0-0: Called Strike Josh Zoglmann steals 2nd base (no throw) 0-1: Foul Ball, location: 2F 0-2: Foul Ball, location: 2F 0-2: Ball 1-2: Strikes out looking
|
|
Batting: RHB Andy Wasierski
|
0-0: Ball 1-0: Ball 2-0: Ball 3-0: Base on Balls
|
|
Pitching: LHP Mike Cobb
|
|
|
Batting: SHB Mukhtar Wa'il
|
0-0: Ball 1-0: Called Strike 1-1: Swinging Strike 1-2: Foul Ball, location: 2F 1-2: Ball 2-2: Strikes out swinging
|
| Top of the 6th over - 0 runs, 1 hit, 0 errors, 2 left on base; Scranton WB 5 - Fresno 1 |
| BOTTOM OF THE 6TH |
|
Fresno Grizzlies batting - Pitching for Scranton WB RailRiders : RHP Jason Sterner
|
|
Batting: RHB Sam Spohn
|
0-0: Called Strike 0-1: Ball 1-1: Foul Ball, location: 2F 1-2: Ball 2-2: Ball 3-2: Foul Ball, location: 2F 3-2: Ground out U3 (Groundball, 34, EV 87.5 MPH)
|
|
Batting: LHB Jimmy Edlin
|
0-0: Called Strike 0-1: Fly out, F9 (Flyball, 89S, EV 94.4 MPH)
|
|
Batting: RHB Nick Deegan
|
0-0: Called Strike 0-1: Called Strike 0-2: Ball 1-2: Ground out 5-3 (Groundball, 56D, EV 77.5 MPH)
|
| Bottom of the 6th over - 0 runs, 0 hits, 0 errors, 0 left on base; Scranton WB 5 - Fresno 1 |
| TOP OF THE 7TH |
|
Scranton WB RailRiders batting - Pitching for Fresno Grizzlies : LHP Mike Cobb
|
|
Batting: SHB Ryan Buchbinder
|
0-0: Foul Ball, location: 2F 0-1: Ball 1-1: Ground out U3 (Groundball, 13, EV 81.9 MPH)
|
|
Batting: LHB Dan Morris
|
0-0: Ball 1-0: Called Strike 1-1: SINGLE (Groundball, 3D, EV 102.5 MPH)
|
|
Batting: LHB Jose Lebron
|
0-0: Called Strike 0-1: Foul Ball, location: 2F 0-2: Ball 1-2: Ball 2-2: Strikes out swinging
|
|
Batting: SHB Jose Vargas
|
0-0: Foul Ball, location: 2F 0-1: Swinging Strike 0-2: Foul Ball, location: 2F 0-2: Ball Wild Pitch! Dan Morris to second 1-2: Ball 2-2: Ball 3-2: Strikes out swinging
|
| Top of the 7th over - 0 runs, 1 hit, 0 errors, 1 left on base; Scranton WB 5 - Fresno 1 |
| BOTTOM OF THE 7TH |
|
Fresno Grizzlies batting - Pitching for Scranton WB RailRiders : RHP Jason Sterner
|
|
Batting: RHB Workneh Lagat
|
0-0: SINGLE (Flyball, 8LS, EV 90.6 MPH)
|
|
Batting: RHB Dale Young
|
0-0: Ball 1-0: Foul Ball, location: 2F 1-1: Ball 2-1: Ball 3-1: Foul Ball, location: 2F 3-2: Foul Ball, location: 2F 3-2: Grounds into double play, 5-4-3 (Groundball, 56, EV 85.6 MPH)
|
|
Batting: LHB Mark Dearth
|
0-0: Called Strike 0-1: Ground out U3 (Groundball, 3, EV 103.1 MPH)
|
| Bottom of the 7th over - 0 runs, 1 hit, 0 errors, 0 left on base; Scranton WB 5 - Fresno 1 |
| TOP OF THE 8TH |
|
Scranton WB RailRiders batting - Pitching for Fresno Grizzlies : LHP Mike Cobb
|
|
Batting: SHB Joe Fure
|
0-0: Called Strike 0-1: Swinging Strike 0-2: Ball 1-2: Ground out 5-3 (Groundball, 56S, EV 81.2 MPH)
|
|
Batting: RHB Josh Zoglmann
|
0-0: Ball 1-0: Foul Ball, location: 2F 1-1: Ball 2-1: Swinging Strike 2-2: Foul Ball, location: 2F 2-2: Strikes out looking
|
|
Batting: RHB Devon Utley
|
0-0: Swinging Strike 0-1: Ball 1-1: Called Strike 1-2: Ball 2-2: SINGLE (Groundball, 56D, EV 105.6 MPH)
|
|
Batting: RHB Andy Wasierski
|
0-0: Ball Devon Utley steals 2nd base 1-0: Ground out 5-3 (Groundball, 56, EV 87.5 MPH)
|
| Top of the 8th over - 0 runs, 1 hit, 0 errors, 1 left on base; Scranton WB 5 - Fresno 1 |
| BOTTOM OF THE 8TH |
|
Fresno Grizzlies batting - Pitching for Scranton WB RailRiders : RHP Jason Sterner
|
|
Pitching: RHP Ricky Mercer
|
|
|
Batting: LHB Angelo Vasquez
|
0-0: Called Strike 0-1: Ball 1-1: Ball 2-1: Called Strike 2-2: Ball 3-2: Base on Balls
|
|
Batting: RHB Elijah Hunter
|
0-0: Ball 1-0: Called Strike 1-1: Ball 2-1: Called Strike 2-2: Foul Ball, location: 2F 2-2: Foul Ball, location: 2F 2-2: Strikes out swinging
|
|
Batting: LHB Bob Dietz
|
0-0: Ball 1-0: Ball 2-0: Ball 3-0: Base on Balls Angelo Vasquez to second
|
|
Batting: RHB Sam Spohn
|
0-0: Foul Ball, location: 2F 0-1: Foul Ball, location: 2F 0-2: Ball 1-2: Ball 2-2: Strikes out swinging
|
|
Batting: LHB Jimmy Edlin
|
0-0: Swinging Strike 0-1: Ball 1-1: Called Strike 1-2: Ball 2-2: Foul Ball, location: 2F 2-2: Ball 3-2: Reached via error on a dropped throw from SS, E3 (Groundball, 6M, EV 101.2 MPH) Angelo Vasquez to third Bob Dietz to second
|
|
Pitching: RHP Mark Stafford
|
|
|
Batting: RHB Nick Deegan
|
0-0: Called Strike 0-1: Called Strike 0-2: Foul Ball, location: 2F 0-2: Ball 1-2: Strikes out swinging
|
| Bottom of the 8th over - 0 runs, 0 hits, 1 error, 3 left on base; Scranton WB 5 - Fresno 1 |
| TOP OF THE 9TH |
|
Scranton WB RailRiders batting - Pitching for Fresno Grizzlies : LHP Mike Cobb
|
|
Pitching: RHP Alex Salinas
|
|
|
Batting: SHB Mukhtar Wa'il
|
0-0: Foul Ball, location: 2F 0-1: Ball 1-1: Ball 2-1: Foul Ball, location: 2F 2-2: Strikes out swinging
|
|
Batting: SHB Ryan Buchbinder
|
0-0: Called Strike 0-1: Ball 1-1: Ball 2-1: Foul Ball, location: 2F 2-2: Foul Ball, location: 2F 2-2: Strikes out swinging
|
|
Batting: LHB Dan Morris
|
0-0: Foul Ball, location: 2F 0-1: Ball 1-1: Fly out, F7 (Line Drive, 78S, EV 93.1 MPH)
|
| Top of the 9th over - 0 runs, 0 hits, 0 errors, 0 left on base; Scranton WB 5 - Fresno 1 |
| BOTTOM OF THE 9TH |
|
Fresno Grizzlies batting - Pitching for Scranton WB RailRiders : RHP Mark Stafford
|
|
Batting: RHB Workneh Lagat
|
0-0: Called Strike 0-1: Ball 1-1: Foul Ball, location: 2F 1-2: Strikes out swinging
|
|
Batting: RHB Dale Young
|
0-0: Foul Ball, location: 2F 0-1: Called Strike 0-2: Ball 1-2: Fly out, F8 (Flyball, 8LD, EV 93.8 MPH)
|
|
Batting: LHB Mark Dearth
|
0-0: Called Strike 0-1: Called Strike 0-2: Ball 1-2: Ball 2-2: Strikes out swinging
|
| Bottom of the 9th over - 0 runs, 0 hits, 0 errors, 0 left on base; Scranton WB 5 - Fresno 1 |
|